 Dungeon Crawl Stone Soup version 0.29.0-4-gdea44cf6ec (webtiles) character file.

Game seed: 5712886843140122502

101 qw the Chopper (level 4, -1/28 HPs)
             Began as a Gargoyle Fighter on Sept 3, 2022.
             Slain by a gnoll
             ... wielding a +0 halberd
              (3 damage)
             ... on level 2 of the Dungeon.
             The game lasted 00:00:59 (1886 turns).

qw the Chopper (Gargoyle Fighter)                   Turns: 1886, Time: 00:00:59

Health: -1/28      AC: 12    Str: 22    XL:     4   Next: 75%
Magic:  4/4        EV:  7    Int:  8    God:
Gold:   100        SH:  4    Dex:  9    Spells: 3/3 levels left

rFire   . . .      SeeInvis .   Y - +0 war axe
rCold   . . .      Faith    .   c - +0 buckler
rNeg    + . .      Spirit   .   g - +0 chain mail
rPois   inf        Reflect  .   (no helmet)
rElec   +          Harm     .   (no cloak)
rCorr   .          Rampage  .   (no gloves)
Will    .....                   (no boots)
Stlth   ..........              (no amulet)
HPRegen 0.09/turn               (no ring)
MPRegen 0.09/turn               (no ring)

@: no status effects
A: sickness immunity, AC +3, negative energy resistance 1, electricity
resistance, torment resistance 1, petrification resistance
a: no special abilities


You were on level 2 of the Dungeon.
You visited 1 branch of the dungeon, and saw 2 of its levels.

You collected 100 gold pieces.


Innate Abilities, Weirdness & Mutations

You are immune to sickness and miasma.
Your stone body is resilient. (AC +3)
You are immune to poison.
You resist negative energy. (rN+)
You are resistant to electric shocks. (rElec)
You are resistant to unholy torment.
You are immune to petrification.


   Skills:
 - Level 3.2 Fighting
 + Level 4.3 Axes
 - Level 3.2 Armour
 - Level 3.2 Shields


You had 3 spell levels left.
You didn't know any spells.
Your spell library was empty.

Inventory:

Hand Weapons
 h - a +0 whip
 Y - a +0 war axe (weapon)
Armour
 b - a +0 helmet
 c - a +0 buckler (worn)
 g - a +0 chain mail (worn)
Jewellery
 e - a ring of positive energy
Scrolls
 a - 2 scrolls of identify
 f - 2 scrolls of teleportation
Potions
 d - a potion of might

Dungeon Overview and Level Annotations

Branches:
Dungeon (2/15)

Altars:

Shops:
D:2 (


Message History

You see here a +0 club.
You now have 100 gold pieces (gained 2).
Found a helmet.
Enter note:
There is an entrance to Giateim's Weapon Shop here.
A gnoll comes into view. It is wielding a +0 spear.
The gnoll shouts!
You hear a shout!
A frilled lizard comes into view.
An adder comes into view.
A gnoll comes into view. It is wielding a +0 halberd.
Enter note:
1875 ||| Stepping ~*~*~tactically~*~*~ (hiding).
You start waiting.
A gnoll is nearby!
A gnoll comes into view. It is wielding a +0 halberd.
The gnoll shouts!
Found a robe.
The gnoll hits you but does no damage. The gnoll barely misses you.
The adder hisses angrily.
The frilled lizard hisses angrily.
The gnoll hits you with a +0 spear. You block the gnoll's attack.
You hit the gnoll.
The gnoll is moderately wounded.
The gnoll hits you with a +0 spear. The gnoll closely misses you.
You block the gnoll's attack.
You hit the gnoll.
The gnoll is heavily wounded.
The gnoll hits you but does no damage. The gnoll barely misses you.
You slash the gnoll!
You kill the gnoll!
The gnoll hits you but does no damage.
The gnoll hits you from afar with a +0 halberd!
The gnoll barely misses you. The gnoll hits you but does no damage.
You closely miss the adder. The adder bites you but does no damage.
The gnoll barely misses you.
The gnoll hits you from afar with a +0 halberd.
You block the adder's attack.
You miss the adder. The adder bites you but does no damage.
The gnoll hits you from afar with a +0 halberd!
The gnoll hits you from afar with a +0 halberd.
You die...

###.....##.###
########........#.#.#
#........#...#...\...
#..#######...#..#.##.
##.### #...#...[...
#...# ######.#.##.
###.# #....##
#.####### ##...#
#@)l..... ##..#
##Sg..[.. #..#
.g..... .......
....... .......
....... .......


You could see 2 gnolls, an adder and a frilled lizard.

Vanquished Creatures
  Robin (D:2)
  2 gnolls
  2 adders (D:1)
  A worm (D:2)
  2 bats (D:2)
  2 endoplasms (D:1)
  2 giant cockroaches (D:1)
  9 goblins (D:2)
  10 hobgoblins
  3 jackals (D:1)
  2 quokkas
  A ball python (D:1)
  2 frilled lizards
  4 kobolds
  6 rats
49 creatures vanquished.

Notes
Turn   | Place    | Note
-------+----------+-------------------------------------------
     0 | D:1      | qw the Gargoyle Fighter began the quest for the Orb.
     0 | D:1      | Reached XP level 1. HP: 14/14 MP: 1/1
     0 | D:1      | 0 ||| qw: Version: 0.1-a-102-g441f92d
     0 | D:1      | 0 ||| qw: Game counter: 5293
     0 | D:1      | 0 ||| qw: Always use a shield: true
     0 | D:1      | 0 ||| qw: God list: Okawaru
     0 | D:1      | 0 ||| qw: Allow faded altars: false
     0 | D:1      | 0 ||| qw: Do Orc after D:15 true
     0 | D:1      | 0 ||| qw: Do second Lair branch before Depths: true
     0 | D:1      | 0 ||| qw: Lair rune preference: random
     0 | D:1      | 0 ||| qw: Plans: Normal
     0 | D:1      | 0 ||| PLANNING D:1-11
     3 | D:1      | Noticed an electric eel
     4 | D:1      | Noticed an electric eel
    18 | D:1      | Reached skill level 2 in Axes
   323 | D:1      | Reached XP level 2. HP: 19/19 MP: 2/2
   380 | D:1      | 380 ||| Stepping ~*~*~tactically~*~*~ (stealth).
   471 | D:1      | 471 ||| Stepping ~*~*~tactically~*~*~ (stealth).
   472 | D:1      | 472 ||| Stepping ~*~*~tactically~*~*~ (stealth).
   720 | D:1      | Reached skill level 3 in Axes
   720 | D:1      | Reached XP level 3. HP: 17/23 MP: 3/3
  1022 | D:1      | 1022 ||| UPGRADING to +0 chain mail.
  1032 | D:1      | 1032 ||| DROPPING +0 scale mail.
  1033 | D:1      | 1033 ||| READING 3 scrolls labelled GYOHOG HUMUBB.
  1034 | D:1      | 1034 ||| READING 3 scrolls labelled OGIJOECUWAL.
  1038 | D:1      | 1038 ||| READING scroll labelled PIWODW JONYCA.
  1039 | D:1      | 1039 ||| READING scroll labelled DONWIPH UDOLUP.
  1065 | D:2      | 1065 ||| STAIRDANCE
  1195 | D:2      | 1195 ||| STAIRDANCE
  1277 | D:2      | 1277 ||| STAIRDANCE
  1356 | D:2      | 1356 ||| STAIRDANCE
  1395 | D:2      | Reached XP level 4. HP: 17/28 MP: 4/4
  1395 | D:2      | 1395 ||| STAIRDANCE
  1585 | D:2      | Noticed Robin
  1593 | D:2      | Reached skill level 4 in Axes
  1600 | D:2      | Killed Robin
  1616 | D:2      | 1616 ||| FLEEEEING.
  1617 | D:2      | 1617 ||| FLEEEEING.
  1618 | D:2      | 1618 ||| FLEEEEING.
  1619 | D:2      | 1619 ||| FLEEEEING.
  1620 | D:2      | 1620 ||| FLEEEEING.
  1621 | D:2      | 1621 ||| STAIRDANCE
  1835 | D:2      | Found Giateim's Weapon Shop.
  1875 | D:2      | 1875 ||| Stepping ~*~*~tactically~*~*~ (hiding).
  1886 | D:2      | HP: 2/28 [gnoll/+0 halberd (8)]
  1886 | D:2      | Slain by a gnoll

Levels and vault maps discovered:
D:1:      arrival_aquarium_b, layout_basic, kennysheep_pointless_box,
          minmay_hexomino_u4
D:2:      layout_rooms, serial_shops, nicolae_shop_crystal,
          kennysheep_cross_bottleneck, wander_ebering_terrifying_dragon_lair,
          uniq_robin

Skill      XL: |  1  2  3  4 |
---------------+-------------+-----
Axes           | 2 3 4 |  4.3
Fighting       | |  3.2
Armour         | |  3.2
Shields        | |  3.2

Action                   |  1- 3 |  4- 6 || total
-------------------------+-------+-------++-------
Melee: War axe           |    87 |    30 ||   117
  Use: Scroll            |     4 |       ||     4
Armor: Scale mail        |    14 |       ||    14
       Chain mail        |    54 |    38 ||    92
Dodge: Dodged            |    37 |    18 ||    55
Block: Buckler           |    14 |     9 ||    23

Table legend:
 A = Non-vault XP
 B = Vault XP
 C = Vault XP percentage of total XP
 D = Non-vault monster count
 E = Vault monster count
 F = Vault count percentage of total count
                 A         B        C        D         E       F
            +---------+---------+-------+---------+---------+-------
      Total |     100 |      45 |  31.0 |      31 |      18 |  36.7
            +---------+---------+-------+---------+---------+-------
        D:1 |      72 |       7 |   8.9 |      22 |       5 |  18.5
        D:2 |      28 |      38 |  57.6 |       9 |      13 |  59.1
            +---------+---------+-------+---------+---------+-------
